 Dungeon Crawl Stone Soup version 0.17.2-1-ge4368a0 (webtiles) character file.

56 Goblin1989 the Cutter (level 3, -4/19 HPs)
             Began as a Spriggan Berserker on Jan 7, 2017.
             Was a Believer of Trog.
             Killed from afar by Natasha (6 damage)
             ... with a magic dart
             ... on level 2 of the Dungeon.
             The game lasted 00:06:08 (2776 turns).

Goblin1989 the Cutter (Spriggan Berserker)          Turns: 2776, Time: 00:06:09

Health: -4/19      AC:  3    Str: 13    XL:     3   Next: 71%
Magic:  4/4        EV: 19    Int:  8    God:    Trog [**....]
Gold:   77         SH:  0    Dex: 16    Spells: 0 memorised, 2 levels left

rFire  . . .     SeeInvis +     k - -2 short sword (curse)
rCold  . . .     Clarity  .     b - +1 animal skin
rNeg   . . .     SustAt   .     (shield restricted)
rPois  .         Gourm    .     (helmet restricted)
rElec  .         Spirit   .     (no cloak)
rCorr  .         Warding  .     (gloves unavailable)
rMut   .         Stasis   .     (boots unavailable)
MR     .....                    (no amulet)
Stlth  +++.......               (no ring)
                                (no ring)

@: very quick, not resistant to hostile enchantments, fairly stealthy
A: unfitting armour, see invisible, herbivore 3, speed 3, slow metabolism 2
a: Berserk, Trog's Hand, Burn Spellbooks, Renounce Religion


You were on level 2 of the Dungeon.
You worshipped Trog.
Trog was pleased with you.
You were not hungry.

You visited 1 branch of the dungeon, and saw 3 of its levels.

You collected 77 gold pieces.

Inventory:

Hand Weapons
 a - a +0 short sword
 k - a cursed -2 short sword (weapon)
Missiles
 h - 97 stones (quivered)
 m - 23 bolts
Armour
 b - a +1 animal skin (worn)
Wands
 o - a wand of frost (30)
Scrolls
 M - a scroll of magic mapping
 R - 2 scrolls of identify {@r1}
 T - 3 scrolls of teleportation {!r, @r4}
Potions
 e - a potion of ambrosia {unknown}
 n - a potion of cure mutation {unknown}
 p - a potion of heal wounds {!q, @q2}
Comestibles
 c - 4 bread rations {@e1}


   Skills:
 - Level 2.4 Fighting
 * Level 4.5 Short Blades
 - Level 4.4 Dodging
 + Level 3.2 Stealth


You had 2 spell levels left.
You didn't know any spells.

Dungeon Overview and Level Annotations

Branches:
Dungeon (3/15)

Altars:
Gozag
Nemelex Xobeh

Annotations:
D:2 Natasha, Sigmund


Innate Abilities, Weirdness & Mutations

You are tiny and cannot use many weapons and most armour.
You have supernaturally acute eyesight.
You are a herbivore.
You cover ground extremely quickly.
You need consume almost no food.


Message History

Natasha is severely wounded.
Natasha barely misses you. Sigmund closely misses you.
You hit Natasha.
Natasha is severely wounded.
Natasha stares at you and mumbles some strange words.
The magic dart hits you!
* * * LOW HITPOINT WARNING * * *
You take 3 damage, and have 2/19 hp.
You miss Natasha.
Natasha is severely wounded.
Natasha misses you. Sigmund misses you.
You barely miss Natasha.
Natasha is severely wounded.
The crimson imp blinks!
Natasha misses you.
You completely miss Natasha.
Natasha is severely wounded.
Sigmund closely misses you. Natasha casts a spell at you.
The magic dart hits you!
You die...

█.█ █......█.█ █.█
██████...█ █.█
██.██ ..█ █.█ █.█
▓█.██ ..█ ▓█.█.██
..█ ▓█.███.██ ..█
▓▓▓█.█▓ ██.████ ..█
▓·..█▓ ██.@h█ ..█
▓.█.·▓▓ ▓█@██.█ >.█
█·█·▓·▓▓█§█▓▓.█
..███.█.██·█5█▓ ▓.█
..).........█▓ ▓.█
....?.......▓ ▓>█
..█.█.█████·▓ ▓.█
.██.█·█▓▓▓▓·▓▓▓▓▓.█
.█▓.█·<···········▓


You could see Sigmund (invisible), Natasha and a crimson imp.

Vanquished Creatures
  An adder (D:2)
  2 oozes (D:2)
  A giant gecko (D:1)
  3 orcs (D:2)
  5 bats
  A giant cockroach (D:2)
  2 hobgoblins (D:1)
  3 jackals (D:2)
  A quokka (D:2)
  2 giant newts (D:2)
  3 goblins
  5 kobolds
  4 rats
33 creatures vanquished.

Notes
Turn   | Place    | Note
--------------------------------------------------------------
     0 | D:1      | Goblin1989 the Spriggan Berserker began the quest for the Orb.
     0 | D:1      | Reached XP level 1. HP: 11/11 MP: 2/2
   496 | D:1      | Reached skill level 1 in Stealth
   593 | D:1      | Reached XP level 2. HP: 13/16 MP: 3/3
  1493 | D:2      | Found a sparkling altar of Nemelex Xobeh.
  1494 | D:2      | Found an opulent altar of Gozag.
  1534 | D:2      | Reached XP level 3. HP: 19/19 MP: 4/4
  1572 | D:2      | Reached ** piety under Trog
  1709 | D:2      | Noticed Sigmund
  2756 | D:2      | Noticed Natasha
  2776 | D:2      | Killed from afar by Natasha

Action                   || total
-------------------------++-------
Melee: Short sword       ||   165
Throw: Stone             ||     3
  Use: Scroll            ||     7
 Stab: Sleeping          ||     7
       Distracted        ||     1

Vault maps used:
D:1:      dpeg_arrival_circle_labyrinth_c
D:2:      grunt_temple_overflow_opulence, first_bread, uniq_sigmund,
          uniq_natasha
